 Dungeon Crawl Stone Soup version 0.29-a0-322-g68df515428 (webtiles) character file.

Game seed: 3468605556332649041

1904 Essalna the Fighter (level 8, -4/69 HPs)
             Began as a Demonspawn Gladiator on Apr 8, 2022.
             Killed from afar by an electric eel (13 damage)
             ... with a bolt of electricity
             ... on level 7 of the Dungeon.
             The game lasted 00:08:53 (7001 turns).

Essalna the Fighter (Demonspawn Gladiator)          Turns: 7001, Time: 00:08:54

Health: -4/69      AC: 16    Str: 17    XL:     8   Next: 94%
Magic:  8/8        EV: 11    Int: 10    God:
Gold:   283        SH:  3    Dex: 14    Spells: 7/7 levels left

rFire   . . .      SeeInvis .   f - +3 dagger (elec)
rCold   . . .      Faith    .   q - +0 buckler
rNeg    . . .      Spirit   .   i - +0 swamp dragon scales
rPois   +          Reflect  .   c - +1 helmet
rElec   .          Harm     .   (no cloak)
rCorr   .          Rampage  .   k - +0 pair of gloves
Will    .....                   (no boots)
Stlth   +.........              (no amulet)
HPRegen 0.21/turn               (no ring)
MPRegen 0.22/turn               (no ring)

@: sanguine armoured
A: foul stench 2, magic regeneration, sanguine armour 1, demonic touch 2
a: no special abilities


You were on level 7 of the Dungeon.
You visited 1 branch of the dungeon, and saw 7 of its levels.

You collected 283 gold pieces.

Inventory:

Hand Weapons
 a - a +0 long sword
 f - a +3 dagger of electrocution (weapon)
Missiles
 d - 4 throwing nets (quivered)
 e - 4 javelins
Armour
 b - a +0 leather armour
 c - a +1 helmet (worn)
 i - +0 swamp dragon scales (worn)
 k - a +0 pair of gloves (worn)
 q - a +0 buckler (worn)
Jewellery
 v - a ring of flight
Wands
 o - a wand of iceblast (11)
Scrolls
 g - 6 scrolls of identify {unknown}
 p - 2 scrolls of enchant armour
 t - a scroll of fear
 u - 2 scrolls of noise
 y - a scroll of acquirement {unknown}
 B - a scroll of magic mapping {unknown}
 C - a scroll of blinking {unknown}
Potions
 h - 2 potions of heal wounds {unknown}
 j - 2 potions of resistance {unknown}
 l - 2 potions of mutation {unknown}
 m - 3 potions of curing {unknown}
 r - 2 potions of lignification {unknown}
 s - a potion of haste {unknown}
 w - a potion of berserk rage {unknown}
 x - a potion of ambrosia {unknown}
 z - a potion of might {unknown}
 A - 2 potions of attraction {unknown}


   Skills:
 + Level 8.5 Fighting
 + Level 8.0 Long Blades
 - Level 1.7 Throwing
 - Level 2.6 Dodging


You had 7 spell levels left.
You didn't know any spells.
Your spell library contained the following spells:

 Spells                   Type           Power      Damage    Failure   Level
 Sublimation of Blood     Necr           0%         N/A       83%         2
 Call Canine Familiar     Summ           0%         N/A       96%         3
 Portal Projectile        Hex/Tloc       0%         N/A       96%         3
 Summon Guardian Golem    Hex/Summ       0%         N/A       96%         3
 Leda's Liquefaction      Hex/Erth       0%         N/A       100%        4
 Petrify                  Tmut/Erth      0%         N/A       100%        4
 Irradiate                Conj/Tmut      0%         3d13      100%        5
 Orb of Destruction       Conj           0%         9d5       100%        7
 Spellforged Servitor     Conj/Summ      0%         N/A       100%        7


Dungeon Overview and Level Annotations

Branches:
Dungeon (7/15)
 Temple: D:4-7

Altars:

Annotations:
D:6 3 runed translucent doors, P0WERM0DE's ghost, weakling OpDe


Innate Abilities, Weirdness & Mutations

You sometimes emit foul miasma when damaged in melee.
You regenerate magic rapidly.
When seriously injured, your blood forms armour. (AC +6)
Your touch may inflict irresistible damage on your foes.


Message History

No target in view!
No target in view!
No target in view!
No target in view!
No target in view!
No target in view!
HP restored.
Key pressed, stopping explore.
An electric eel comes into view.
The electric eel shoots out a bolt of lightning at you!
The bolt of electricity hits you!
The electric eel shoots out a bolt of lightning at you!
The bolt of electricity hits you!
Your blood congeals into armour.
You are too injured to fight recklessly!
You are too injured to fight recklessly!
You are too injured to fight recklessly!
An electric eel is nearby!
You are too injured to fight recklessly!
You are too injured to fight recklessly!
There is a shaft here.
The electric eel shoots out a bolt of lightning at you!
The bolt of electricity hits you!
The electric eel shoots out a bolt of lightning at you!
The bolt of electricity hits you!
An electric eel comes into view.
The electric eel shoots out a bolt of lightning at you!
The bolt of electricity hits you.
* * * LOW HITPOINT WARNING * * *
The electric eel shoots out a bolt of lightning at you!
The bolt of electricity hits the electric eel.
The electric eel completely resists.
The bolt of electricity hits you.
* * * LOW HITPOINT WARNING * * *
You barely miss the electric eel.
The electric eel shoots out a bolt of lightning at you!
The bolt of electricity hits you.
* * * LOW HITPOINT WARNING * * *
The electric eel shoots out a bolt of lightning at you!
The bolt of electricity hits the electric eel.
The electric eel completely resists.
The bolt of electricity hits you!
You die...

S≈.≈≈≈≈ ...... ≈
≈≈.≈≈ #≈ #≈.≈# ..
#≈. #≈.≈# ≈..
#≈.≈###≈.≈###≈..
≈≈.≈≈≈≈S.≈≈≈≈≈..
.......@.......
...........####
..........##
...........#
..........^###
.............##
....>.........####
.................#
................##


You could see 2 electric eels.

Vanquished Creatures
  Maggie (D:6)
  Sigmund (D:5)
  Menkaure (D:5)
  2 water moccasins
  A black bear (D:5)
  An orc warrior (D:5)
  3 sky beasts
  A centaur (D:6)
  A phantom (D:5)
  A bullfrog (D:5)
  2 hounds
  2 gnoll shamans
  Ijyb (D:3)
  3 iguanas
  2 orc wizards
  6 gnolls
  4 adders
  2 ufetubi
  A worm (D:3)
  2 dart slugs
  8 orcs
  5 endoplasms
  A giant cockroach (D:4)
  4 hobgoblins
  4 jackals (D:1)
  6 kobolds
  7 quokkas
  3 ball pythons
  4 bats
  5 frilled lizards
  10 goblins
  5 rats
100 creatures vanquished.

Vanquished Creatures (others)
  A plant (D:1)
1 creature vanquished.

Grand Total: 101 creatures vanquished

Notes
Turn   | Place    | Note
-------+----------+-------------------------------------------
     0 | D:1      | Essalna the Demonspawn Gladiator began the quest for the
                  | Orb.
     0 | D:1      | Reached XP level 1. HP: 16/16 MP: 1/1
   343 | D:1      | Gained mutation: You may rarely emit foul miasma when
                  | damaged in melee. [demonic ancestry]
   343 | D:1      | Reached XP level 2. HP: 12/23 MP: 2/2
   853 | D:1      | Found a faded altar of an unknown god.
  1234 | D:2      | Gained mutation: Your touch may inflict minor irresistible
                  | damage on your foes. [demonic ancestry]
  1234 | D:2      | Reached XP level 3. HP: 23/28 MP: 3/3
  2257 | D:3      | Noticed Ijyb
  2261 | D:3      | Killed Ijyb
  2262 | D:3      | Gained mutation: You regenerate magic rapidly. [demonic
                  | ancestry]
  2262 | D:3      | Reached XP level 4. HP: 32/35 MP: 4/4
  2376 | D:3      | Noticed a sky beast
  2389 | D:3      | Killed a sky beast
  2390 | D:3      | Gained mutation: You sometimes emit foul miasma when
                  | damaged in melee. [demonic ancestry]
  2390 | D:3      | Reached XP level 5. HP: 29/42 MP: 5/5
  3500 | D:4      | Gained mutation: When seriously injured, your blood forms
                  | armour. (AC +6) [demonic ancestry]
  3500 | D:4      | Reached XP level 6. HP: 43/49 MP: 6/6
  3507 | D:5      | Entered Level 5 of the Dungeon
  3507 | D:5      | Noticed an orc warrior
  3901 | D:4      | Reached skill level 5 in Fighting
  3901 | D:4      | Reached skill level 5 in Long Blades
  4352 | D:5      | Killed an orc warrior
  4353 | D:5      | Reached XP level 7. HP: 33/57 MP: 7/7
  4525 | D:5      | Noticed Menkaure
  4531 | D:5      | HP: 2/57 [Menkaure (8)]
  4533 | D:5      | Killed Menkaure
  4855 | D:5      | Noticed Sigmund
  5420 | D:5      | Killed Sigmund
  5421 | D:5      | Gained mutation: Your touch may inflict irresistible damage
                  | on your foes. [demonic ancestry]
  5421 | D:5      | Reached XP level 8. HP: 65/67 MP: 8/8
  5678 | D:6      | Noticed Maggie
  5692 | D:6      | Killed Maggie
  6016 | D:6      | Found a runed translucent gate.
  6016 | D:6      | Found a runed translucent gate.
  6016 | D:6      | Found a runed translucent gate.
  6017 | D:6      | Noticed P0WERM0DE's ghost (weakling OpDe)
  7001 | D:7      | Killed from afar by an electric eel

Illustrated notes

Levels and vault maps discovered:
D:1:      sevenhm_arrival_forest_fort_large_2, layout_rooms,
          shapermc_ecumenical_altar_mp_urbaneastern, chequers_garden,
          grunt_decor_cap
D:2:      layout_basic
D:3:      layout_basic, uniq_ijyb
D:4:      layout_basic, hangedman_decor_push, interstate_on_off
D:5:      cheibrodos_quashed, layout_rooms, uniq_menkaure, uniq_sigmund
D:6:      layout_cave_pools, gammafunk_ghost_necromancy, uniq_maggie
D:7:      nicolae_whirlpool, layout_layer_cave,
          minmay_temple_entry_enclosed_plants, serial_bayou_pond_d,
          kennysheep_boxes

Skill      XL: |  1  2  3  4  5  6  7  8 |
---------------+-------------------------+-----
Long Blades    | 3 4 5 6 8 |  8.0
Fighting       | 3 4 5 7 8 |  8.5
Throwing       | |  1.7
Dodging        | |  2.6

Action                   |  1- 3 |  4- 6 |  7- 9 || total
-------------------------+-------+-------+-------++-------
Melee: Long sword        |    29 |       |       ||    29
       Dagger            |    88 |   112 |   147 ||   347
       Touch             |     4 |       |       ||     4
       Punch             |     1 |       |       ||     1
Throw: Throwing net      |       |       |     2 ||     2
  Use: Scroll            |       |       |     5 ||     5
 Stab: Distracted        |     1 |       |       ||     1
       Held in net/web   |       |       |     3 ||     3
Armor: Leather armour    |    34 |    26 |    50 ||   110
       Swamp dragon scal |       |       |     4 ||     4
Dodge: Dodged            |    73 |    54 |    88 ||   215
Block: Buckler           |       |     9 |    29 ||    38

Table legend: (Time is in decaauts)
 A = Elapsed time spent in this place.
 B = Non-inter-level travel time spent in this place.
 C = Inter-level travel time spent in this place.
 D = Time resting spent in this place.
 E = Time spent auto-exploring this place.
 F = Levels seen in this place.
 G = Mean time per level.
                   A        B        C        D        E       F      G
               +--------+--------+--------+--------+--------+-----+--------+
         Total |   6971 |   6718 |    253 |    607 |   5177 |   7 |  995.9 |
       Dungeon |   6971 |   6718 |    253 |    607 |   5177 |   7 |  995.9 |
               +--------+--------+--------+--------+--------+-----+--------+

Top non-repeatable levels by time:
     D:5: 1421 daAuts
     D:6: 1300 daAuts
     D:1: 1228 daAuts
     D:3: 1182 daAuts
     D:4: 1018 daAuts
     D:2: 731 daAuts
     D:7: 88 daAuts
